 Dungeon Crawl Stone Soup version 0.30-a0-860-g512cf1e979 (webtiles) character file.

Game seed: 3811323482915081945

428 zenocrate the Insei (level 6, -5/38 HPs)
             Began as an Octopode Transmuter on Mar 7, 2023.
             Was an Elder of Jiyva.
             Slain by Pikel
             ... wielding a +1 whip of flaming
              (12 damage)
             ... on level 5 of the Dungeon.
             The game lasted 00:02:56 (3008 turns).

zenocrate the Insei (Octopode Transmuter)           Turns: 3008, Time: 00:02:57

Health: -5/38      AC:  1    Str:  9    XL:     6   Next: 98%
Magic:  9/9        EV: 13    Int: 17    God:    Jiyva [****..]
Gold:   187        SH:  0    Dex: 13    Spells: 2/9 levels left

rFire   . . .      SeeInvis .      - Unarmed
rCold   . . .      Faith    .    (no shield)
rNeg    . . .      Spirit   .    (helmet restricted)
rPois   .          Reflect  .    (no amulet)
rElec   +          Rampage  .    (no ring)
rCorr   +                        (no ring)
Will    .....                    (no ring)
Stlth   +++                      (no ring)
HPRegen 1.54/turn                (no ring)
MPRegen 0.51/turn                (no ring)
                                 (no ring)
                                 (no ring)

@: no status effects
A: almost no armour, amphibious, 8 rings, camouflage 1, gelatinous body 1,
(nimble swimmer 1), tentacles, tentacle spike 3, electricity resistance
a: Renounce Religion, Oozemancy, Slimify


You were on level 5 of the Dungeon.
You worshipped Jiyva.
Jiyva was greatly pleased with you.
You visited 2 branches of the dungeon, and saw 6 of its levels.

You collected 187 gold pieces.

Inventory:

Scrolls
 b - a scroll of torment {unknown}
 d - 2 scrolls of enchant weapon
 g - 2 scrolls of fog {unknown}
 h - 2 scrolls of teleportation {unknown}
 i - a scroll of amnesia {unknown}
 j - a scroll of noise {unknown}
 k - a scroll of fear {unknown}
 l - 2 scrolls of immolation {unknown}
 n - a scroll of vulnerability {unknown}
Potions
 a - a potion of lignification
 c - a potion of haste
 e - 2 potions of attraction
 f - 2 potions of mutation
 m - a potion of cancellation
 o - a potion of brilliance {unknown}
 p - a potion of berserk rage {unknown}


   Skills:
 - Level 1.0 Fighting
 - Level 2.0 Dodging
 - Level 1.2 Stealth
 + Level 5.1 Unarmed Combat
 - Level 2.0 Spellcasting
 + Level 4.6 Transmutations
 + Level 3.1 Ice Magic


You had 2 spell levels left.
You knew the following spells:

 Your Spells              Type           Power      Damage    Failure   Level
a - Beastly Appendage     Tmut           34%        N/A       3%          1
b - Wereblood             Tmut           17%        N/A       4%          2
c - Ice Form              Ice/Tmut       14%        N/A       36%         4

Your spell library contained the following spells:

 Spells                   Type           Power      Damage    Failure   Level
 Spider Form              Tmut/Pois      9%         N/A       22%         3
 Tukima's Dance           Hex            1%         N/A       50%         3
 Cause Fear               Hex            0%         N/A       88%         4
 Passage of Golubria      Tloc           1%         N/A       88%         4
 Yara's Violent Unravell  Hex/Tmut       4%         3d4       91%         5
 Dragon Form              Tmut           8%         N/A       100%        7
 Dragon's Call            Summ           0%         N/A       100%        9


Dungeon Overview and Level Annotations

Branches:
Dungeon (5/15)             Temple (1/1) D:4

Altars:
Ashenzari
Elyvilon
Hepliaklqana
Kikubaaqudgha
Makhleb
Nemelex Xobeh
Okawaru
Wu Jian
Zin
Jiyva

Annotations:
D:5 Pikel


Innate Abilities, Weirdness & Mutations

You cannot wear most types of armour.
You are amphibious.
You can wear up to eight rings at the same time.
Your skin changes colour to match your surroundings (Stealth+).
Your rubbery body absorbs attacks. (AC +1, EV +1)
((You are camouflaged when in or above water. (Stealth+)))
You have tentacles for arms and can constrict up to eight enemies at once.
One of your tentacles bears a large vicious spike.
You are resistant to electric shocks. (rElec)


Message History

The lemure is lightly wounded.
You constrict the lemure. The lemure hits you.
You tentacle-slap the lemure.
You pierce the lemure, but do no damage.
The lemure is moderately wounded.
You constrict the lemure, but do no damage.
Pikel drinks a potion.
Pikel flickers and vanishes!
Deactivating autopickup; reactivate with Ctrl-A.
The lemure closely misses you.
You tentacle-slap the lemure.
You pierce the lemure.
You squeeze the lemure!
The lemure is almost dead.
You constrict the lemure, but do no damage.
The lemure hits you!
You tentacle-slap the lemure.
You kill the lemure!
That felt strangely unrewarding.
No target in view!
You closely miss something.
Your tentacle spike misses something.
Something hits you! Something burns you.
You are too injured to fight recklessly!
You miss something.
Your tentacle spike misses something.
Something barely misses you.
A lemure comes into view.
You are too injured to fight recklessly!
You miss something.
The lemure shouts!
Your tentacle spike misses something.
Your squeeze misses something. Something hits you!
* * * LOW HITPOINT WARNING * * *
Something burns you.
* * * LOW HITPOINT WARNING * * *
Really quaff the potion of lignification?
You turn into a tree.
Your roots penetrate the ground.
Something hits you but does no damage.
It was a potion of cancellation.
Your magical effects are unravelling.
You feel magically purged.
You feel less wooden.
Your primal bloodlust has ended.
Something hits you!
You die...

.#.<.#...##...#.....
.#...#...#....#....# #
#.#.#.#.#...(.#...##
#.#.#.#.#.#....#.###.#
#.#.#.#.#.#...###...#.
#...#...#.###.#....#.
#...#...## #..<..#.
#...#...# #....#.#
##.#@#.#.. #...###.
#.#{#.#... #.###.#..
#.#.#.# ..### #...
.#.5.#. #. #... . ...
#J.. ..#...# #.###
...#.#. ## . .#.#. #


You could see a lemure.

Vanquished Creatures
  Sigmund (D:4)
  Eustachio (D:5)
  2 lemures (D:5)
  A sleepcap (D:3)
  Jessica (D:3)
  An orc wizard (D:5)
  An adder (D:3)
  3 dart slugs
  3 orcs
  3 ball pythons
  5 bats
  2 endoplasms
  A giant cockroach (D:4)
  7 goblins
  2 hobgoblins (D:1)
  2 jackals (D:2)
  4 kobolds
  5 quokkas
  3 frilled lizards
  6 rats
54 creatures vanquished.

Vanquished Creatures (others)
  A lemure (D:5)
  7 jellies (D:5)
  A howler monkey (D:4)
  Ijyb (D:3)
  A gnoll (D:5)
  2 adders
  A white imp (D:5)
  An orc (D:5)
  4 ball pythons
  4 endoplasms (D:4)
  A giant cockroach (D:4)
  A quokka (D:3)
  A plant (D:4)
26 creatures vanquished.

Grand Total: 80 creatures vanquished

Notes
Turn   | Place    | Note
-------+----------+-------------------------------------------
     0 | D:1      | zenocrate the Octopode Transmuter began the quest for the
                  | Orb.
     0 | D:1      | Reached XP level 1. HP: 13/13 MP: 3/3
   158 | D:1      | Reached skill level 1 in Stealth
   158 | D:1      | Reached XP level 2. HP: 13/18 MP: 3/5
   161 | D:1      | Learned a level 2 spell: Wereblood
   596 | D:1      | Reached XP level 3. HP: 23/23 MP: 6/6
   801 | D:2      | Found a faded altar of an unknown god.
   830 | D:2      | Prayed at the altar of an unknown god.
   830 | D:2      | Became a worshipper of Jiyva Jytew the Shapeless
   830 | D:2      | Reached * piety under Jiyva
  1189 | D:2      | Reached ** piety under Jiyva
  1353 | D:3      | Killed Ijyb
  1369 | D:3      | Identified the +2 cloak "Ihira" {Harm *Corrode Dex+2}
  1385 | D:3      | Reached XP level 4. HP: 28/28 MP: 7/7
  1390 | D:3      | Learned a level 4 spell: Ice Form
  1474 | D:3      | Reached skill level 4 in Unarmed Combat
  1644 | D:3      | Noticed Jessica
  1662 | D:3      | Killed Jessica
  1663 | D:3      | Reached skill level 1 in Ice Magic
  1663 | D:3      | Reached XP level 5. HP: 18/33 MP: 8/8
  1769 | D:4      | Noticed Sigmund
  1777 | D:4      | Killed Sigmund
  1778 | D:4      | Reached XP level 6. HP: 31/38 MP: 9/9
  1974 | D:4      | Found a staircase to the Ecumenical Temple.
  1982 | D:4      | Reached *** piety under Jiyva
  1987 | Temple   | Entered the Ecumenical Temple
  2017 | D:4      | Gained mutation: You are resistant to electric shocks.
                  | (rElec) [Jiyva's grace]
  2017 | D:4      | Gained mutation: One of your tentacles bears a spike.
                  | [Jiyva's grace]
  2017 | D:4      | Gained mutation: One of your tentacles bears a nasty spike.
                  | [Jiyva's grace]
  2017 | D:4      | Gained mutation: One of your tentacles bears a large
                  | vicious spike. [Jiyva's grace]
  2413 | D:5      | Entered Level 5 of the Dungeon
  2432 | D:5      | Noticed Eustachio
  2439 | D:5      | Killed Eustachio
  2440 | D:5      | Reached skill level 5 in Unarmed Combat
  2463 | D:5      | Reached **** piety under Jiyva
  2996 | D:5      | Noticed Pikel
  3008 | D:5      | Slain by Pikel

Illustrated notes

Levels and vault maps discovered:
D:1:      wander_arrival_desolate, layout_basic
D:2:      layout_basic, chequers_ecumenical_altar_simple_redux,
          kennysheep_cluttered_room
D:3:      layout_basic, uniq_jessica, uniq_ijyb
D:4:      layout_loops_ring, minmay_temple_entry_mist,
          eino_small_chamber_without_monster, serial_bayou_crossing,
          uniq_sigmund
D:5:      nicolae_BIG_FREAKIN_CUBE, layout_loops_corners, serial_shops, shop,
          uniq_eustachio, uniq_pikel
Temple:   compressed_dpeg_triangle_lava_temple

Skill      XL: |  1  2  3  4  5  6 |
---------------+-------------------+-----
Stealth        | 1 |  1.2
Transmutations | 3 4 |  4.6
Unarmed Combat | 4 5 |  5.1
Ice Magic      | 1 2 3 |  3.1
Fighting       | |  1.0
Dodging        | |  2.0
Spellcasting   | |  2.0

Action                     |  1- 3 |  4- 6 || total
---------------------------+-------+-------++-------
  Melee: Unarmed           |    76 |    65 ||   141
         Tentacles         |    14 |    18 ||    32
         Constrict         |    18 |    13 ||    31
         Punch             |     4 |     3 ||     7
         Kick              |     9 |    13 ||    22
   Cast: Beastly Appendage |     8 |     1 ||     9
         Wereblood         |     4 |     3 ||     7
    Use: Scroll            |     3 |     1 ||     4
         Potion            |       |     2 ||     2
   Stab: Sleeping          |     8 |     7 ||    15
 Armour: Skin              |     2 |     2 ||     4
  Dodge: Dodged            |    45 |    28 ||    73

Table legend: (Time is in decaauts)
 A = Elapsed time spent in this place.
 B = Non-inter-level travel time spent in this place.
 C = Inter-level travel time spent in this place.
 D = Time resting spent in this place.
 E = Time spent auto-exploring this place.
 F = Levels seen in this place.
 G = Mean time per level.
                   A        B        C        D        E       F      G
               +--------+--------+--------+--------+--------+-----+--------+
         Total |   2996 |   2880 |    116 |      0 |   2402 |   6 |  499.3 |
       Dungeon |   2994 |   2878 |    116 |      0 |   2402 |   5 |  598.8 |
        Temple |      1 |      1 |      0 |      0 |      0 |   1 |    1.0 |
               +--------+--------+--------+--------+--------+-----+--------+

Top non-repeatable levels by time:
     D:1: 797 daAuts
     D:4: 667 daAuts
     D:5: 591 daAuts
     D:2: 484 daAuts
     D:3: 453 daAuts
  Temple: 1 daAuts
